 Dungeon Crawl Stone Soup version 0.28.0-43-g3370ac3207 (webtiles) character file.

Game seed: 4649045573965554725

37 jimonade the Magician (level 3, -1/25 HPs)
             Began as a Gnoll Wanderer on Mar 15, 2022.
             Killed from afar by a dart slug (4 damage)
             ... with a slug dart
             ... on level 2 of the Dungeon.
             The game lasted 00:04:33 (1147 turns).

jimonade the Magician (Gnoll Wanderer)              Turns: 1147, Time: 00:04:34

Health: -1/25      AC:  2    Str: 10    XL:     3   Next: 39%
Magic:  9/11       EV: 11    Int: 13    God:
Gold:   81         SH:  0    Dex: 12    Spells: 15/16 levels left

rFire   . . .      SeeInvis .   a - +2 hand crossbow
rCold   . . .      Faith    .   (no shield)
rNeg    . . .      Spirit   .   e - +0 robe
rPois   .          Reflect  .   (no helmet)
rElec   .          Harm     .   (no cloak)
rCorr   .          Rampage  .   (no gloves)
Will    .....                   (no boots)
Stlth   +.........              (no amulet)
HPRegen 0.08/turn               (no ring)
MPRegen 0.12/turn               (no ring)

@: confused
A: fangs 1, strong nose, distributed training
a: no special abilities


You were on level 2 of the Dungeon.
You visited 1 branch of the dungeon, and saw 2 of its levels.

You collected 81 gold pieces.

Inventory:

Hand Weapons
 a - a +2 hand crossbow (weapon)
Missiles
 b - 21 bolts (quivered ammo)
 d - 53 stones
 h - 3 poisoned darts
 j - 22 sling bullets
Armour
 e - a +0 robe (worn)
Wands
 l - a wand of polymorph (2)
Scrolls
 f - 3 scrolls of identify {unknown}
 g - a scroll of fear {unknown}
 i - a scroll of teleportation {unknown}
 k - a scroll of enchant armour {unknown}
Miscellaneous
 c - a piece from Xom's chessboard (15/15)


   Skills:
 + Level 0.7 Fighting
 + Level 0.7 Short Blades
 + Level 0.7 Long Blades
 + Level 0.7 Axes
 + Level 0.7 Maces & Flails
 + Level 0.7 Polearms
 + Level 0.7 Staves
 + Level 0.7 Slings
 + Level 0.7 Bows
 + Level 6.5 Crossbows
 + Level 0.7 Throwing
 + Level 0.7 Armour
 + Level 0.7 Dodging
 + Level 2.3 Stealth
 + Level 0.7 Shields
 + Level 0.7 Unarmed Combat
 + Level 7.1 Spellcasting
 + Level 0.5 Conjurations
 + Level 0.5 Hexes
 + Level 0.5 Summonings
 + Level 0.5 Necromancy
 + Level 0.5 Translocations
 + Level 0.5 Transmutations
 + Level 0.5 Fire Magic
 + Level 0.5 Ice Magic
 + Level 0.5 Air Magic
 + Level 2.1 Earth Magic
 + Level 0.5 Poison Magic
 + Level 0.9 Invocations
 + Level 4.5 Evocations


You had 15 spell levels left.
You knew the following spells:

 Your Spells              Type           Power      Damage    Failure   Level
a - Sandblast             Erth           20%        2d7       6%          1

Your spell library contained the following spells:

 Spells                   Type           Power      Damage    Failure   Level
 Stone Arrow              Conj/Erth      16%        3d8       26%         3


Dungeon Overview and Level Annotations

Branches:
Dungeon (2/15)

Altars:

Annotations:
D:2 Sigmund


Innate Abilities, Weirdness & Mutations

You have very sharp teeth.
Your uncanny sense of smell can sniff out nearby items.
Your experience applies equally to all skills.


Message History

You are too injured to fight recklessly!
You are too injured to fight recklessly!
Aiming: Sandblast (safe; 6% risk of failure)
Press: ? - help, Q - select action, (/) - cycle Shift-Dir - straight line, f/p - Sigmund
Aim: Sigmund, wielding a +0 scythe and wearing a +0 robe (moderately wounded, 77% to hit)
The blast of sand hits Sigmund.
Sigmund is moderately wounded.
Aiming: Sandblast (safe; 6% risk of failure)
Press: ? - help, Q - select action, (/) - cycle Shift-Dir - straight line, f/p - Sigmund
Aim: Sigmund, wielding a +0 scythe and wearing a +0 robe (moderately wounded, 77% to hit)
The blast of sand hits Sigmund.
Sigmund is heavily wounded.
Sigmund gestures at you while chanting.
You are confused.
You're too confused to cast spells.
Okay, then.
Unknown command.
You are too injured to fight recklessly!
You shoot a bolt.
Sigmund hits you from afar with a +0 scythe.
* * * LOW HITPOINT WARNING * * *
Unknown command.
Unknown command.
Unknown command.
Okay, then.
Search for what [Enter for "."]?
Okay, then.
Okay, then.
Unknown command.
You're too confused to cast spells.
Unknown command.
Unknown command.
The dart slug launches a dart at you. The slug dart hits you.
* * * LOW HITPOINT WARNING * * *
You clumsily bash the dart slug but do no damage.
Sigmund misses you. The dart slug launches a dart at you.
The slug dart hits you.
You die...

#.........#..####.########......
....##.........†.................
... ########.####)#####.##......
.. #........# #.#####.##...... .
#........###...............
#.........#####.....##.....
#.........## #.....##.....
#########..# #.....##..... ##@##
#.....##..... #w.# ####.###.....
##@## #.# ###### #..#####.####
##.#.(....... #.....@....(
##.........( #..###.#### #....
.w#


You could see Sigmund and a dart slug.

Vanquished Creatures
  A worm (D:2)
  A dart slug (D:1)
  A bat (D:1)
  3 endoplasms (D:1)
  2 giant cockroaches (D:1)
  2 goblins (D:2)
  4 hobgoblins
  5 jackals
  2 quokkas
  A ball python (D:1)
  A frilled lizard (D:1)
  2 kobolds (D:1)
  A rat (D:2)
26 creatures vanquished.

Notes
Turn   | Place    | Note
-------+----------+-------------------------------------------
     0 | D:1      | jimonade the Gnoll Wanderer began the quest for the Orb.
     0 | D:1      | jimonade set off with the following items: a +2 hand
                  | crossbow, 23 bolts, a piece from Xom's chessboard (15/15),
                  | 16 stones, a +0 robe; and the following spell memorised:
                  | Sandblast; and the following spells available to memorise:
                  | Stone Arrow
     0 | D:1      | Reached XP level 1. HP: 13/13 MP: 8/8
   184 | D:1      | Reached XP level 2. HP: 19/19 MP: 10/10
   914 | D:2      | Reached XP level 3. HP: 25/25 MP: 11/11
   990 | D:2      | Found a faded altar of an unknown god.
  1122 | D:2      | Noticed Sigmund
  1147 | D:2      | Killed from afar by a dart slug

Illustrated notes

Levels and vault maps discovered:
D:1:      dpeg_arrival_tiny_a, layout_basic, corexii_hall_statues_l,
          minmay_misc_feat_room, bh_walls_and_bars
D:2:      layout_basic, ebering_ecumenical_altar_rust, uniq_sigmund,
          uniq_jessica

Skill      XL: |  1 |
---------------+----+-----
Earth Magic    | 2 |  2.1
Fighting       | |  0.7
Short Blades   | |  0.7
Long Blades    | |  0.7
Axes           | |  0.7
Maces & Flails | |  0.7
Polearms       | |  0.7
Staves         | |  0.7
Slings         | |  0.7
Bows           | |  0.7
Crossbows      | |  6.5
Throwing       | |  0.7
Armour         | |  0.7
Dodging        | |  0.7
Stealth        | |  2.3
Shields        | |  0.7
Unarmed Combat | |  0.7
Spellcasting   | |  7.1
Conjurations   | |  0.5
Hexes          | |  0.5
Summonings     | |  0.5
Necromancy     | |  0.5
Translocations | |  0.5
Transmutations | |  0.5
Fire Magic     | |  0.5
Ice Magic      | |  0.5
Air Magic      | |  0.5
Poison Magic   | |  0.5
Invocations    | |  0.9
Evocations     | |  4.5

Action                   || total
-------------------------++-------
Melee: Hand crossbow     ||     1
 Fire: Hand crossbow     ||    48
 Cast: Sandblast         ||     2
Dodge: Dodged            ||     5
